 Dungeon Crawl Stone Soup version 0.26-b1-59-ge38874ec40 (webtiles) character file.

Game seed: 11211130896306380003

119 radhat240 the Magician (level 4, 0/24 HPs)
             Began as a Deep Elf Air Elementalist on Jan 8, 2021.
             Slain by a goblin
             ... wielding a +0 club
              (3 damage)
             ... on level 3 of the Dungeon.
             The game lasted 00:10:28 (2219 turns).

radhat240 the Magician (Deep Elf Air Elementalist)  Turns: 2219, Time: 00:10:29

Health: 0/24       AC: 16    Str:  5    XL:     4   Next: 73%
Magic:  12/12      EV: -15   Int: 21    God:
Gold:   90         SH:  0    Dex: 15    Spells: 10/11 levels left

rFire    + . .     SeeInvis .   c - +0 spear (venom)
rCold    . . .     Faith    .   (no shield)
rNeg     + . .     Spirit   .   b - +0 crystal plate armour (curse)
rPois    .         Reflect  .   (no helmet)
rElec    .         Harm     .   (no cloak)
rCorr    .         Rampage  .   e - +1 pair of gloves
Will     .....                  (no boots)
Stlth    ..........             (no amulet)
HPRegen  0.08/turn              i - ring of positive energy
MPRegen  0.13/turn              f - ring of protection from fire

@: lethally poisoned (0 -> -9)
A: no striking features
a: no special abilities


You were on level 3 of the Dungeon.
You visited 1 branch of the dungeon, and saw 4 of its levels.

You collected 90 gold pieces.

Inventory:

Hand Weapons
 c - a +0 spear of venom (weapon)
Armour
 a - a +0 robe
 b - a cursed +0 crystal plate armour (worn)
 e - a +1 pair of gloves (worn)
Jewellery
 f - a ring of protection from fire (right hand)
 i - a ring of positive energy (left hand)
Potions
 d - a potion of magic


   Skills:
 + Level 3.4 Dodging
 + Level 3.6 Stealth
 + Level 4.0 Spellcasting
 + Level 2.3 Conjurations
 + Level 3.6 Air Magic


You had 10 spell levels left.
You knew the following spells:

 Your Spells              Type           Power        Failure   Level
a - Shock                 Conj/Air       64%          100%        1

Your spell library contained the following spells:

 Spells                   Type           Power        Failure   Level
 Magic Dart               Conj           56%          100%        1
 Blink                    Tloc           N/A          100%        2
 Call Imp                 Summ           4%           100%        2
 Slow                     Hex            4%           100%        2
 Swiftness                Air            19%          100%        2
 Conjure Flame            Conj/Fire      9%           100%        3
 Mephitic Cloud           Conj/Pois/Air  12%          100%        3
 Static Discharge         Conj/Air       16%          100%        3
 Airstrike                Air            9%           100%        4
 Lightning Bolt           Conj/Air       8%           100%        5


Dungeon Overview and Level Annotations

Branches:
Dungeon (4/15)
 Temple: D:4-7

Altars:
Ru

Annotations:
D:4 Sigmund


Message History

You are more poisoned.
The adder poisons you! The adder bites you but does no damage.
You are too injured to fight recklessly!
Okay, then.
You feel sick. The adder bites you but does no damage.
You feel sick.
A goblin comes into view. It is wielding a +0 club.
You feel sick. The adder bites you but does no damage.
* * * LOW HITPOINT WARNING * * *
You feel sick.
* * * LOW HITPOINT WARNING * * *
You feel sick.
* * * LOW HITPOINT WARNING * * *
You feel sick. The adder bites you.
* * * LOW HITPOINT WARNING * * *
The adder bites you but does no damage.
* * * LOW HITPOINT WARNING * * *
You feel sick. The adder bites you but does no damage.
The goblin hits you with a +0 club.
You die...

#...#.....#
+...#.....#
#...#.....##
#.........'###
#.........##.#
#............#
#...##.####### #
##...#[#######.#
#.#.......S@g.#
#>..#...##.........
######.#.##########
##.#.# ##.#.# #.#.#
#.#.# #.#.# #.#.


You could see an adder (poisoned) and a goblin.

Vanquished Creatures
  An orc wizard (D:2)
  Natasha (D:4)
  2 worms (D:2)
  2 dart slugs (D:1)
  3 leopard geckos
  3 giant cockroaches
  9 goblins
  8 hobgoblins
  7 kobolds
  A ball python (D:2)
  8 bats
  4 frilled lizards
  A leopard gecko skeleton (D:4)
  3 rats (D:1)
53 creatures vanquished.

Notes
Turn   | Place    | Note
-------+----------+-------------------------------------------
     0 | D:1      | radhat240 the Deep Elf Air Elementalist began the quest for
                  | the Orb.
     0 | D:1      | Reached XP level 1. HP: 10/10 MP: 6/6
   142 | D:1      | Reached XP level 2. HP: 15/15 MP: 8/8
   606 | D:1      | Reached XP level 3. HP: 17/19 MP: 9/9
  1051 | D:2      | Found a sacrificial altar of Ru.
  1123 | D:2      | Reached XP level 4. HP: 24/24 MP: 11/11
  1701 | D:2      | You fall into a shaft and drop 2 floors!
  1736 | D:4      | Noticed Natasha
  1758 | D:4      | Killed Natasha
  1759 | D:4      | Reached skill level 4 in Spellcasting
  1765 | D:4      | Noticed Sigmund
  2219 | D:3      | Slain by a goblin

Illustrated notes

Levels and vault maps discovered:
D:1:      doesnt_arrival_eight_statues, layout_loops_corners,
          minmay_strange_pillars
D:2:      layout_loops_ring, nicolae_ru_great_annihilating_truth,
          lemuel_doored_altar
D:3:      minmay_inner_zag, layout_basic, nzn_wu_jian_council_hall,
          lemuel_coloured_pillars_altar
D:4:      layout_loops_cross, minmay_temple_entry_proselytizer, minivault_4,
          uniq_natasha, uniq_sigmund

Skill      XL: |  1  2  3  4 |
---------------+-------------+-----
Stealth        | 3 |  3.6
Dodging        | 3 |  3.4
Conjurations   | 2 |  2.3
Spellcasting   | 4 |  4.0
Air Magic      | |  3.6

Action                   |  1- 3 |  4- 6 || total
-------------------------+-------+-------++-------
Melee: Spear             |   159 |   130 ||   289
  Use: Scroll            |     5 |     3 ||     8
       Potion            |       |     1 ||     1
 Stab: Paralysed         |     1 |       ||     1
Armor: Crystal plate arm |   136 |   161 ||   297
Dodge: Dodged            |     3 |     7 ||    10
